 Dungeon Crawl Stone Soup version 0.31-a0-549-gf98fd537a9 (webtiles) character file.

Game seed: 405663930725312364

63 AdnanSaban the Shield-Bearer (level 4, -4/29 HPs)
             Began as a Gargoyle Fighter on Aug 16, 2023.
             Slain by a gnoll
             ... wielding a +0 halberd
              (13 damage)
             ... on level 2 of the Dungeon.
             The game lasted 00:00:59 (1085 turns).

AdnanSaban the Shield-Bearer (Gargoyle Fighter)     Turns: 1085, Time: 00:01:00

Health: -4/29      AC: 10    Str: 22    XL:     4   Next: 10%
Magic:  4/4        EV:  9    Int:  8    God:
Gold:   88         SH:  4    Dex:  9    Spells: 3/3 levels left

rFire   . . .        a - +0 flail
rCold   . . .        c - +0 buckler
rNeg    + . .        b - +0 scale mail
rPois   ∞            (no helmet)
rElec   +            (no cloak)
rCorr   .            (no gloves)
SInv    .            (no boots)
Will    .....        (no amulet) Stlth
                     (no ring)
HPRegen 0.24/turn    (no ring)
MPRegen 0.09/turn

%: no passive effects
@: no status effects
A: sickness immunity, AC +3, negative energy resistance 1, electricity
resistance, torment resistance 1, petrification resistance
a: no special abilities


You were on level 2 of the Dungeon.
You visited 1 branch of the dungeon, and saw 2 of its levels.

You collected 88 gold pieces.

Inventory:

Hand Weapons
 a - a +0 flail (weapon)
Armour
 b - a +0 scale mail (worn)
 c - a +0 buckler (worn)
Scrolls
 e - 2 scrolls of identify {unknown}
 f - a scroll of teleportation {unknown}
 h - a scroll of vulnerability {unknown}
 i - 2 scrolls of revelation {unknown}
 l - a scroll of amnesia {unknown}
Potions
 d - a potion of might
 g - a potion of berserk rage {unknown}
 j - a potion of curing {unknown}
 k - a potion of haste {unknown}


   Skills:
 + Level 3.7 Fighting
 + Level 3.1 Maces & Flails
 + Level 3.6 Armour
 + Level 0.1 Dodging
 + Level 3.8 Shields


You had 3 spell levels left.
You didn't know any spells.
Your spell library was empty.

Dungeon Overview and Level Annotations

Branches:
Dungeon (2/15)

Altars:


Innate Abilities, Weirdness & Mutations

You are immune to sickness and miasma.
Your stone body is resilient. (AC +3)
You are immune to poison.
You resist negative energy. (rN+)
You are resistant to electric shocks. (rElec)
You are resistant to unholy torment.
You are immune to petrification.


Message History

The gnoll is moderately wounded.
A gnoll comes into view. It is wielding a +0 whip.
The gnoll barely misses you. The gnoll hits you with a +0 flail.
A gnoll comes into view. It is wielding a +0 halberd.
The gnoll attacks as you move away! The gnoll hits you but does no damage.
The gnoll attacks as you move away! The gnoll closely misses you.
You closely miss the gnoll.
The gnoll is moderately wounded.
The gnoll closely misses you.
You hit the gnoll.
The gnoll is severely wounded.
The gnoll hits you with a +0 flail.
You sock the gnoll!
You kill the gnoll!
You block the gnoll's attack.
Your Maces & Flails skill increases to level 3!
You hit the gnoll but do no damage. You block the gnoll's attack.
You sock the gnoll!
The gnoll is heavily wounded.
The gnoll hits you with a +0 club.
You hit the gnoll but do no damage.
The gnoll is heavily wounded.
The gnoll hits you but does no damage.
You sock the gnoll!
You kill the gnoll!
The gnoll hits you from afar with a +0 halberd.
The gnoll hits you with a +0 whip.
You have reached level 4!
You feel stronger. The gnoll attacks as you move away!
The gnoll hits you with a +0 whip. The gnoll attacks as you move away!
The gnoll hits you with a +0 whip.
* * * LOW HITPOINT WARNING * * *
The gnoll attacks as you move away! The gnoll hits you but does no damage.
The gnoll attacks as you move away! The gnoll hits you with a +0 whip.
* * * LOW HITPOINT WARNING * * *
The gnoll attacks as you move away! The gnoll barely misses you.
There is a stone staircase leading up here.
You block the gnoll's attack.
The gnoll hits you from afar with a +0 halberd!
You die...

... #.........
#....######.....÷...
#........##.......#.
#.................#<
#.................#+
####.....[.............
......................
#...................
#..@.....#..........
#.#g..####..........
#..g..# #..........
###.#.# #..........
#.####...## #........#.
#.........# #........#.
#########.# #........#.
#.# ##########. #.# #.


You could see 2 gnolls.

Vanquished Creatures
  2 gnolls (D:2)
  2 worms (D:2)
  A dart slug (D:2)
  5 endoplasms
  A giant cockroach (D:1)
  2 kobolds (D:1)
  3 quokkas (D:1)
  3 ball pythons
  5 bats
  3 frilled lizards (D:1)
  4 goblins
  4 rats
35 creatures vanquished.

Notes
Turn   | Place    | Note
-------+----------+-------------------------------------------
     0 | D:1      | AdnanSaban the Gargoyle Fighter began the quest for the
                  | Orb.
     0 | D:1      | Reached XP level 1. HP: 14/14 MP: 1/1
   133 | D:1      | Reached XP level 2. HP: 19/19 MP: 2/2
   432 | D:1      | Reached XP level 3. HP: 21/23 MP: 3/3
  1070 | D:2      | Reached XP level 4. HP: 15/29 MP: 4/4
  1085 | D:2      | Slain by a gnoll

Illustrated notes

Levels and vault maps discovered:
D:1:      dpeg_arrival_lava_temple_mockup, layout_rooms, serial_forest,
          infiniplex_forest_lined_corner, infiniplex_forest_end_1,
          infiniplex_forest_straight_4, infiniplex_forest_straight_2,
          infiniplex_forest_straight_4, infiniplex_forest_lined_ring,
          infiniplex_forest_lined_room_2, columned_hall_lemuel
D:2:      layout_basic, minmay_goblin_outpost, uniq_sigmund

Skill      XL: |  1  2  3 |
---------------+----------+-----
Maces & Flails | 3 |  3.1
Fighting       | |  3.7
Armour         | |  3.6
Dodging        | |  0.1
Shields        | |  3.8

Action                     |  1- 3 |  4- 6 || total
---------------------------+-------+-------++-------
  Melee: Flail             |   109 |       ||   109
 Armour: Scale mail        |    69 |     1 ||    70
  Dodge: Dodged            |    48 |     1 ||    49
  Block: Buckler           |    29 |     1 ||    30

Table legend: (Time is in decaauts)
 A = Elapsed time spent in this place.
 B = Non-inter-level travel time spent in this place.
 C = Inter-level travel time spent in this place.
 D = Time resting spent in this place.
 E = Time spent auto-exploring this place.
 F = Levels seen in this place.
 G = Mean time per level.
                   A        B        C        D        E       F      G
               +--------+--------+--------+--------+--------+-----+--------+
         Total |   1118 |   1115 |      3 |      0 |    839 |   2 |  559.0 |
       Dungeon |   1118 |   1115 |      3 |      0 |    839 |   2 |  559.0 |
               +--------+--------+--------+--------+--------+-----+--------+

Top non-repeatable levels by time:
     D:1: 638 daAuts
     D:2: 479 daAuts
